 Dungeon Crawl Stone Soup version 0.14-a0-3109-ga7442b6 (webtiles) character file.

4786 Kae the Severer (level 10, -5/77 HPs)
             Began as a Hill Orc Fighter on Mar 7, 2014.
             Was an Elder of Okawaru.
             Slain by a wolf (9 damage)
             ... on Level 8 of the Dungeon.
             The game lasted 00:17:59 (10956 turns).

Kae the Severer (Hill Orc Fighter)                 Turns: 10956, Time: 00:17:59

HP  -5/77        AC  7     Str 25      XL: 10   Next: 38%
MP  10/10        EV  7     Int  8      God: Okawaru [****..]
Gold 310         SH 19     Dex 10      Spells:  0 memorised,  9 levels left

rFire  + + .     SeeInvis .     b - +3 war axe
rCold  . . .     Clarity  .     H - +1 ring mail "Ota Nougg" {rF++ Str+2}
rNeg   . . .     Conserve .     c - +0 shield
rPois  .         rCorr    .     (no helmet)
rElec  .         rRot     .     (no cloak)
SustAb . .       Spirit   .     k - +0 pair of gloves
rMut   .         Warding  .     (no boots)
Gourm  +         Stasis   .     p - amulet of the gourmand
MR     .....                    f - ring of sustenance
                                (no ring)

@: not resistant to hostile enchantments, extremely unstealthy
A: saprovore 1
a: Heroism, Renounce Religion


You were on level 8 of the Dungeon.
You worshipped Okawaru.
Okawaru was greatly pleased with you.
You were very full.

You visited 1 branch of the dungeon, and saw 8 of its levels.
You also visited: Sewer.

You collected 310 gold pieces.

Inventory:

Hand weapons
 a - a +1,-3 war axe
 b - a +3,+3 war axe (weapon)
Missiles
 z - 3 throwing nets
 C - 5 tomahawks (quivered)
Armour
 c - a +0 shield (worn)
 k - a +0 pair of gloves (worn)
 v - a +2 ring mail of poison resistance
 H - the +1 ring mail "Ota Nougg" (worn) {rF++ Str+2}
   (You found it on level 7 of the Dungeon)

   It affects your strength (+2).
   It greatly protects you from fire.
Magical devices
 s - a wand of flame (6)
 t - a wand of slowing (14)
 x - a wand of flame (4)
 F - a wand of fireball (4)
 O - a wand of teleportation (4)
 P - a wand of confusion (8) {unknown}
Comestibles
 d - 5 meat rations
 h - 2 bananas
 i - 8 bread rations
 o - 4 pears
 A - 2 chokos
 B - an apple
Scrolls
 e - a scroll of enchant armour {unknown}
 j - a scroll of identify
 l - 2 scrolls of blinking
 m - 4 scrolls of fear
 q - 2 scrolls of teleportation
 w - 2 scrolls of recharging
 y - 4 scrolls of remove curse
 G - a scroll of enchant weapon I
 L - a scroll of magic mapping
 Q - a scroll of fog
Jewellery
 f - a ring of sustenance (right hand)
 g - an uncursed amulet of warding
 p - an amulet of the gourmand (around neck)
 N - an uncursed ring of teleportation
Potions
 n - 3 potions of curing
 r - a potion of berserk rage {unknown}
 u - a potion of magic {unknown}
 D - a potion of flight {unknown}
 E - a potion of poison {unknown}
 I - a potion of resistance {unknown}
 K - a potion of lignification {unknown}
 M - a potion of degeneration {unknown}
 R - a potion of speed


   Skills:
 - Level 3.6 Fighting
 + Level 17.8 Axes
 - Level 3.2 Armour
 - Level 3.2 Shields


You had 9 spell levels left.
You didn't know any spells.

Dungeon Overview and Level Annotations

Branches:
Dungeon (8/16)             Temple (0/1) D:4
   Lair: D:8-11

Altars:
Fedhas
Okawaru
Vehumet
Xom
Yredelemnul

Shops:
D:4 %?   D:8 :

Annotations:
D:8 exclusions: door and 4 more exclusions


Innate Abilities, Weirdness & Mutations

You can tolerate rotten meat.


Message History

* * * LOW HITPOINT WARNING * * *
Unknown command.
Unknown command.
A wolf comes into view.
The wolf bites your goliath beetle.
You swap places.
A wolf comes into view.
The wolf barks!
The electric eel shoots out a bolt of electricity!
The bolt of electricity hits the wolf.
The bolt of electricity hits your crimson imp.
The bolt of electricity hits you!
* * * LOW HITPOINT WARNING * * *
The bolt of electricity hits you!
* * * LOW HITPOINT WARNING * * *
The wolf completely misses your crimson imp.
Unknown command.
Unknown command.
The wolf bites you!
You die...

≈≈.≈.≈≈...# ######### ≈ ≈.≈.≈≈≈..
≈ ≈≈≈ ≈≈ .≈ ######## ≈.
≈...###### #....... ≈ ≈;......B#
#.###### ≈ ≈≈..####.#### #.#
≈.;...h5h@..# #.# ≈≈...###.##.#
#.# ≈≈≈.. #.# # #.# ; ≈≈≈≈..###.#
#.# ≈≈ ≈≈≈....#...##.# #.#
≈≈≈≈≈≈≈≈...........# ##.###
≈≈≈≈.≈≈≈≈..##.###### #....#
.≈.≈≈.≈..≈. #..## ###.#.##
....;.≈..≈.##...########......###


You could see 2 wolves, an electric eel, a friendly goliath beetle and a
friendly crimson imp.

Vanquished Creatures
  A troll (D:8)
  A spriggan (D:7)
  A wolf (D:8)
  2 orc warriors (D:7)
  An ice beast (D:6)
  3 ogres
  6 sky beasts
  3 centaurs (D:8)
  4 phantoms
  3 big kobolds (Sewer)
  2 giant frogs (D:8)
  2 gnoll sergeants
  A scorpion (D:5)
  3 crimson imps
  A gnoll shaman (D:6)
  9 hounds
  3 jellies
  3 orc priests
  A giant frog skeleton (D:7)
  8 orc wizards
  6 worker ants
  2 iguanas
  A worker ant zombie (D:5)
  A scorpion zombie (D:8)
  21 adders
  23 gnolls
  A green rat (Sewer)
  2 giant mites
  9 worms
  An adder skeleton (D:8)
  A giant eyeball (D:5)
  An iguana skeleton (D:5)
  28 orcs
  14 bats
  A bat skeleton (D:4)
  4 giant cockroaches
  16 hobgoblins
  13 kobolds
  8 quokkas
  5 ball pythons
  4 giant geckos
  5 giant newts
  12 goblins
  A hobgoblin skeleton (D:5)
  10 jackals
  A jackal skeleton (D:4)
  3 orc skeletons
  17 rats
  10 ballistomycetes (D:6)
279 creatures vanquished.

Vanquished Creatures (others)
  A sky beast (D:8)
  An ogre (D:8)
  A troll zombie (D:8)
  A hound (D:8)
  A worker ant (D:4)
  A giant spore (D:6)
  A rat (D:4)
7 creatures vanquished.

Grand Total: 286 creatures vanquished

Notes
Turn   | Place    | Note
--------------------------------------------------------------
     0 | D:1      | Kae, the Hill Orc Fighter, began the quest for the Orb.
     0 | D:1      | Reached XP level 1. HP: 19/19 MP: 1/1
   353 | D:1      | Reached XP level 2. HP: 20/26 MP: 2/2
   534 | D:1      | Reached skill level 4 in Axes
   863 | D:2      | Reached XP level 3. HP: 22/31 MP: 3/3
  1231 | D:2      | Reached skill level 5 in Axes
  1409 | D:2      | Reached XP level 4. HP: 28/39 MP: 4/4
  1850 | D:2      | Reached skill level 6 in Axes
  2636 | D:3      | Found an iron altar of Okawaru.
  2685 | D:3      | Reached XP level 5. HP: 45/45 MP: 5/5
  2730 | D:3      | Became a worshipper of Warmaster Okawaru
  3162 | D:3      | Reached skill level 7 in Axes
  3277 | D:4      | Found Truomudgh's Magic Scroll Boutique.
  3490 | D:4      | Found a basalt altar of Yredelemnul.
  3503 | D:4      | Found Qivodu's Food Emporium.
  3807 | D:4      | Noticed an ogre
  4031 | D:4      | Reached skill level 8 in Axes
  4031 | D:4      | Reached XP level 6. HP: 48/51 MP: 6/6
  4063 | D:4      | Found a staircase to the Ecumenical Temple.
  4110 | D:4      | Killed an ogre
  4110 | D:4      | Reached skill level 9 in Axes
  4155 | D:4      | Noticed a sky beast
  4169 | D:4      | Killed a sky beast
  4169 | D:4      | Reached XP level 7. HP: 45/57 MP: 7/7
  4292 | D:4      | Found a radiant altar of Vehumet.
  4683 | D:5      | Entered Level 5 of the Dungeon
  4683 | D:5      | Found a basalt altar of Yredelemnul.
  4691 | D:5      | Reached skill level 10 in Axes
  4768 | D:5      | Found a glowing drain.
  4807 | Sewer    | Entered a sewer
  5139 | Sewer    | Acquired Okawaru's first power
  5320 | Sewer    | Reached skill level 11 in Axes
  5386 | Sewer    | Reached XP level 8. HP: 64/64 MP: 8/8
  5601 | D:5      | Reached skill level 12 in Axes
  6167 | D:6      | Reached skill level 13 in Axes
  6665 | D:6      | Reached skill level 14 in Axes
  6665 | D:6      | Reached XP level 9. HP: 60/70 MP: 9/9
  7734 | D:7      | Reached skill level 15 in Axes
  8396 | D:7      | Got an ichor-stained ring mail
  8408 | D:7      | Identified the +1 ring mail "Ota Nougg" {rF++ Str+2} (You found it on level 7 of the Dungeon)
  8667 | D:7      | Reached skill level 16 in Axes
  9029 | D:7      | Noticed a spriggan baker
  9031 | D:7      | Killed a spriggan baker
  9031 | D:7      | Reached XP level 10. HP: 77/77 MP: 10/10
  9646 | D:8      | Reached skill level 17 in Axes
  9838 | D:8      | Found a shimmering altar of Xom.
  9965 | D:8      | Found a blossoming altar of Fedhas.
 10474 | D:8      | Found Bouzxaoq's Book Shop.
 10956 | D:8      | Slain by a wolf

Action                   |  1- 3 |  4- 6 |  7- 9 | 10-12 || total
-------------------------+-------+-------+-------+-------++-------
Melee: War axe           |   108 |   219 |   618 |   119 ||  1064
       Cutlass           |       |       |     8 |       ||     8
Invok: Heroism           |       |       |     4 |     1 ||     5
Evoke: Wand              |       |       |     4 |     3 ||     7
  Use: Scroll            |     1 |     9 |     6 |     5 ||    21
       Potion            |     4 |       |     2 |     1 ||     7
